 Dungeon Crawl Stone Soup version 0.28.0-43-g3370ac3207 (webtiles) character file.

Game seed: 3758435239196010739

723 Ablot the Grasshopper (level 7, -9/56 HPs)
             Began as a Gnoll Warper on Mar 18, 2022.
             Mangled by an ogre
             ... wielding a +0 giant club
              (17 damage)
             ... on level 4 of the Dungeon.
             The game lasted 00:05:37 (3870 turns).

Ablot the Grasshopper (Gnoll Warper)                Turns: 3870, Time: 00:05:37

Health: -9/56      AC:  5    Str: 13    XL:     7   Next: 71%
Magic:  11/15      EV: 13    Int: 12    God:
Gold:   251        SH:  0    Dex: 11    Spells: 12/17 levels left

rFire   . . .      SeeInvis .   f - +1 short sword (elec)
rCold   . . .      Faith    .   (no shield)
rNeg    . . .      Spirit   .   l - +2 robe {Archmagi}
rPois   .          Reflect  .   (no helmet)
rElec   .          Harm     .   p - +0 cloak
rCorr   .          Rampage  .   (no gloves)
Will    .....      Archmagi +   (no boots)
Stlth   ++........              (no amulet)
HPRegen 0.18/turn               s - ring of wizardry
MPRegen 0.14/turn               (no ring)

@: no status effects
A: fangs 1, strong nose, distributed training
a: no special abilities


You were on level 4 of the Dungeon.
You visited 1 branch of the dungeon, and saw 4 of its levels.

You collected 251 gold pieces.

Inventory:

Hand Weapons
 a - a +0 spear
 f - a +1 short sword of electrocution (weapon)
 j - a +2 vorpal long sword
 o - a +2 quarterstaff of chaos
 u - a +0 vorpal hunting sling
Missiles
 d - 5 boomerangs of dispersal
 e - 82 stones (quivered)
 q - 5 bolts
 r - a throwing net
 t - 24 sling bullets
Armour
 l - a +2 robe of the Archmagi (worn)
 p - a +0 cloak (worn)
Jewellery
 s - a ring of wizardry (left hand)
Scrolls
 c - a scroll of blinking
 m - a scroll of identify {unknown}
 v - a scroll of holy word {unknown}
Potions
 b - a potion of might {unknown}
 g - a potion of attraction {unknown}
 h - a potion of brilliance {unknown}
 i - a potion of resistance {unknown}
 k - a potion of mutation {unknown}
 n - 2 potions of curing {unknown}


   Skills:
 + Level 5.3 Fighting
 + Level 2.6 Short Blades
 + Level 2.6 Long Blades
 + Level 2.6 Axes
 + Level 2.6 Maces & Flails
 + Level 5.3 Polearms
 + Level 2.6 Staves
 + Level 2.6 Slings
 + Level 2.6 Bows
 + Level 2.6 Crossbows
 + Level 3.7 Throwing
 + Level 3.7 Armour
 + Level 5.3 Dodging
 + Level 2.6 Stealth
 + Level 2.6 Shields
 + Level 2.6 Unarmed Combat
 + Level 5.7 Spellcasting
 + Level 2.1 Conjurations
 + Level 2.1 Hexes
 + Level 2.1 Summonings
 + Level 2.1 Necromancy
 + Level 5.9 Translocations
 + Level 2.1 Transmutations
 + Level 2.1 Fire Magic
 + Level 2.1 Ice Magic
 + Level 2.1 Air Magic
 + Level 2.1 Earth Magic
 + Level 2.1 Poison Magic
 + Level 3.0 Invocations
 + Level 2.6 Evocations


You had 12 spell levels left.
You knew the following spells:

 Your Spells              Type           Power      Damage    Failure   Level
a - Blink                 Tloc           52%        N/A       1%          2
b - Freeze                Ice            52%        1d7       3%          1
c - Call Imp              Summ           13%        N/A       4%          2

Your spell library contained the following spells:

 Spells                   Type           Power      Damage    Failure   Level
 Apportation              Tloc           52%        N/A       1%          1
 Gell's Gravitas          Tloc           26%        N/A       1%          3
 Lesser Beckoning         Tloc           26%        N/A       1%          3
 Teleport Other           Tloc           26%        N/A       1%          3
 Magic Dart               Conj           52%        1d5       3%          1
 Frozen Ramparts          Ice            26%        1d4       9%          3
 Mephitic Cloud           Conj/Pois/Air  13%        N/A       9%          3
 Manifold Assault         Tloc           26%        N/A       17%         5
 Hailstorm                Conj/Ice       13%        3d5       28%         4
 Alistair's Intoxication  Tmut/Pois      8%         N/A       61%         5


Dungeon Overview and Level Annotations

Branches:
Dungeon (4/15)
 Temple: D:4-7

Altars:
Zin


Innate Abilities, Weirdness & Mutations

You have very sharp teeth.
Your uncanny sense of smell can sniff out nearby items.
Your experience applies equally to all skills.


Message History

Your shadow imp barely misses the ogre.
Casting: Call Imp (safe; 4% risk of failure)
Confirm with . or Enter, or press ? or * to list all spells.
You feel a surge of power!
You blink.
Found a robe.
Unknown command.
You feel stable enough to blink again.
Throw: 83 stones
Press: ? - help, Q - select action, (/) - cycle Shift-Dir - straight line, f - ogre
Aim: an ogre, wielding a +0 giant club (moderately wounded, ally target, 74% to hit)
You throw a stone.
The stone hits the ogre but does no damage.
The ogre is moderately wounded.
Throw: 82 stones
Press: ? - help, Q - select action, (/) - cycle Shift-Dir - straight line, f/p - ogre
Aim: an ogre, wielding a +0 giant club (lightly wounded, ally target, 74% to hit)
Really fire in your shadow imp's direction?
Okay, then.
Throw: 82 stones
Press: ? - help, Q - select action, (/) - cycle Shift-Dir - straight line, f/p - ogre
Aim: an ogre, wielding a +0 giant club (lightly wounded, ally target, 74% to hit)
Really fire in your shadow imp's direction?
Okay, then.
Unknown command.
There is a stone staircase leading up here.
You aren't carrying any items that you can evoke.
Unknown command.
You hit the ogre.
The ogre is moderately wounded.
You hit the ogre.
The ogre is moderately wounded.
The ogre closely misses you.
Your shadow imp barely misses the ogre.
You barely miss the ogre. You bite the ogre, but do no damage.
The ogre is moderately wounded.
The ogre hits you with a +0 giant club.
* * * LOW HITPOINT WARNING * * *
Your shadow imp hits the ogre.
You hit the ogre.
The ogre is severely wounded.
The ogre hits you with a +0 giant club!
You die...

...##...............
#..#....##.#######.
#.#....##....
#......#......
##.....#...###
#.....#...#
####....#...#
#.....#.....# #
#...@.......#.#
......)#O#.......#.
.......#5#....#....
#?...................
#.......##.##.#.#..[.
##'#.##....(..........
#....##.#......#.....
#....##.#.#..###......
#.... #......'......


You could see an ogre (ally target) and a friendly shadow imp (summoned).

Vanquished Creatures
  Pikel (D:4)
  A lemure (D:3)
  An orc priest (D:3)
  Crazy Yiuf (D:2)
  Jessica (D:2)
  An iguana (D:4)
  2 orc wizards (D:4)
  A hound skeleton (D:4)
  3 adders
  A worm (D:3)
  2 dart slugs
  4 orcs
  4 endoplasms
  2 giant cockroaches
  7 goblins
  7 hobgoblins
  2 jackals (D:2)
  6 quokkas
  6 ball pythons
  3 bats
  3 frilled lizards
  9 kobolds
  3 rats
71 creatures vanquished.

Notes
Turn   | Place    | Note
-------+----------+-------------------------------------------
     0 | D:1      | Ablot the Gnoll Warper began the quest for the Orb.
     0 | D:1      | Reached XP level 1. HP: 20/20 MP: 6/6
   227 | D:1      | Reached XP level 2. HP: 22/26 MP: 7/7
   230 | D:1      | Learned a level 2 spell: Blink
   841 | D:1      | Reached XP level 3. HP: 31/31 MP: 9/9
  1048 | D:2      | Reached skill level 5 in Spellcasting
  1081 | D:2      | Noticed Jessica
  1086 | D:2      | Killed Jessica
  1087 | D:2      | Reached skill level 1 in Short Blades
  1087 | D:2      | Reached skill level 1 in Long Blades
  1087 | D:2      | Reached skill level 1 in Axes
  1087 | D:2      | Reached skill level 1 in Maces & Flails
  1087 | D:2      | Reached skill level 1 in Staves
  1087 | D:2      | Reached skill level 1 in Slings
  1087 | D:2      | Reached skill level 1 in Bows
  1087 | D:2      | Reached skill level 1 in Crossbows
  1087 | D:2      | Reached skill level 1 in Stealth
  1087 | D:2      | Reached skill level 1 in Shields
  1087 | D:2      | Reached skill level 1 in Unarmed Combat
  1087 | D:2      | Reached skill level 1 in Invocations
  1087 | D:2      | Reached skill level 1 in Evocations
  1206 | D:2      | Reached XP level 4. HP: 36/38 MP: 11/11
  1285 | D:2      | Found a runed translucent door.
  1286 | D:2      | Noticed Crazy Yiuf
  1293 | D:2      | Killed Crazy Yiuf
  1294 | D:2      | Reached skill level 1 in Conjurations
  1294 | D:2      | Reached skill level 1 in Hexes
  1294 | D:2      | Reached skill level 1 in Summonings
  1294 | D:2      | Reached skill level 1 in Necromancy
  1294 | D:2      | Reached skill level 1 in Transmutations
  1294 | D:2      | Reached skill level 1 in Fire Magic
  1294 | D:2      | Reached skill level 1 in Ice Magic
  1294 | D:2      | Reached skill level 1 in Air Magic
  1294 | D:2      | Reached skill level 1 in Earth Magic
  1294 | D:2      | Reached skill level 1 in Poison Magic
  1540 | D:2      | Reached XP level 5. HP: 43/43 MP: 12/12
  2050 | D:3      | Found a glowing silver altar of Zin.
  2557 | D:3      | Learned a level 1 spell: Freeze
  2571 | D:3      | Found a faded altar of an unknown god.
  2657 | D:3      | Learned a level 2 spell: Call Imp
  3118 | D:4      | Noticed an ogre
  3123 | D:4      | Noticed a lemure
  3125 | D:4      | Noticed a lemure
  3157 | D:3      | Killed a lemure
  3513 | D:4      | Reached XP level 6. HP: 50/50 MP: 13/13
  3777 | D:4      | Noticed Pikel
  3789 | D:4      | Killed Pikel
  3790 | D:4      | Reached skill level 5 in Fighting
  3790 | D:4      | Reached skill level 5 in Polearms
  3790 | D:4      | Reached skill level 5 in Dodging
  3790 | D:4      | Reached XP level 7. HP: 38/56 MP: 15/15
  3870 | D:4      | Mangled by an ogre

Illustrated notes

Levels and vault maps discovered:
D:1:      roderic_dead_forest, layout_basic
D:2:      layout_basic, mrwooster_statue_mirror, chequers_serial_rivers_micro_b,
          uniq_crazy_yiuf_cottage, uniq_jessica
D:3:      layout_basic, amcnicky_altar_gilded, ebering_ecumenical_altar_mist
D:4:      layout_basic, uniq_blork_the_orc, uniq_duvessa, uniq_pikel

Skill      XL: |  1  2  3  4  5  6 |
---------------+-------------------+-----
Spellcasting   | 5 |  5.7
Short Blades   | 1 2 |  2.6
Long Blades    | 1 2 |  2.6
Axes           | 1 2 |  2.6
Maces & Flails | 1 2 |  2.6
Staves         | 1 2 |  2.6
Slings         | 1 2 |  2.6
Bows           | 1 2 |  2.6
Crossbows      | 1 2 |  2.6
Stealth        | 1 2 |  2.6
Shields        | 1 2 |  2.6
Unarmed Combat | 1 2 |  2.6
Invocations    | 1 2 3 |  3.0
Evocations     | 1 2 |  2.6
Conjurations   | 1 2 |  2.1
Hexes          | 1 2 |  2.1
Summonings     | 1 2 |  2.1
Necromancy     | 1 2 |  2.1
Transmutations | 1 2 |  2.1
Fire Magic     | 1 2 |  2.1
Ice Magic      | 1 2 |  2.1
Air Magic      | 1 2 |  2.1
Earth Magic    | 1 2 |  2.1
Poison Magic   | 1 2 |  2.1
Throwing       | 3 |  3.7
Armour         | 3 |  3.7
Fighting       | 5 |  5.3
Polearms       | 5 |  5.3
Dodging        | 5 |  5.3
Translocations | |  5.9

Action                   |  1- 3 |  4- 6 |  7- 9 || total
-------------------------+-------+-------+-------++-------
Melee: Spear             |    18 |       |       ||    18
       Short sword       |    55 |   161 |     5 ||   221
       Bite              |     4 |    16 |     1 ||    21
       Punch             |     1 |     4 |       ||     5
Throw: Stone             |       |     6 |     1 ||     7
 Cast: Call Imp          |       |     1 |     1 ||     2
       Freeze            |       |     1 |       ||     1
       Blink             |       |       |     2 ||     2
 Stab: Sleeping          |       |     2 |       ||     2
Armor: Leather armour    |    12 |       |       ||    12
       Robe              |     6 |    41 |       ||    47
Dodge: Dodged            |    45 |   105 |     1 ||   151
